 Dungeon Crawl Stone Soup version 0.29.1-15-g9cfb28693d (webtiles) character file.

Game seed: 12289968304391603383

370 Arctor the Digger (level 6, -1/32 HPs)
             Began as a Gargoyle Earth Elementalist on Feb 24, 2023.
             Was a Follower of Vehumet.
             Slain by an orc warrior
             ... wielding a +0 flail
              (15 damage)
             ... on level 5 of the Dungeon.
             The game lasted 00:06:10 (4517 turns).

Arctor the Digger (Gargoyle Earth Elementalist)     Turns: 4517, Time: 00:06:10

Health: -1/32      AC:  6    Str: 11    XL:     6   Next: 70%
Magic:  1/11       EV: 12    Int: 18    God:    Vehumet [*.....]
Gold:   966        SH:  0    Dex: 12    Spells: 3/11 levels left

rFire   . . .      SeeInvis .   (no weapon)
rCold   + . .      Faith    .   (no shield)
rNeg    + . .      Spirit   .   a - +0 robe
rPois   ∞          Reflect  .   (helmet restricted)
rElec   +          Harm     .   (no cloak)
rCorr   .          Rampage  .   (no gloves)
Will    .....                   (no boots)
Stlth   +++.......              (no amulet)
HPRegen 0.10/turn               f - ring of protection from cold
MPRegen 0.12/turn               (no ring)

@: flying, very slightly contaminated, invisible
A: sickness immunity, AC +4, negative energy resistance 1, electricity
resistance, torment resistance 1, petrification resistance, big wings, horns 1,
thin skeletal structure 1
a: Renounce Religion


You were on level 5 of the Dungeon.
You worshipped Vehumet.
Vehumet was aware of your devotion.
You visited 1 branch of the dungeon, and saw 5 of its levels.

You collected 1326 gold pieces.
You spent 360 gold pieces at shops.

Inventory:

Missiles
 o - a throwing net
Armour
 a - a +0 robe (worn)
Jewellery
 f - a ring of protection from cold (left hand)
Scrolls
 d - 5 scrolls of poison
 e - 2 scrolls of identify
 j - a scroll of noise {unknown}
 k - a scroll of enchant weapon
 l - a scroll of immolation {unknown}
 n - a scroll of enchant armour {unknown}
Potions
 b - a potion of magic
 g - 2 potions of degeneration
 h - 2 potions of attraction {unknown}
 i - 2 potions of brilliance {unknown}


   Skills:
 + Level 2.9 Dodging
 + Level 4.2 Stealth
 + Level 3.4 Spellcasting
 - Level 1.8 Transmutations
 + Level 5.2 Earth Magic


You had 3 spell levels left.
You knew the following spells:

 Your Spells              Type           Power      Damage    Failure   Level
a - Sandblast             Erth           42%        2d11      1%          1
b - Stone Arrow           Conj/Erth      24%        3d8       16%         3
c - Petrify               Tmut/Erth      15%        N/A       36%         4

Your spell library contained the following spells:

 Spells                   Type           Power      Damage    Failure   Level
 Foxfire                  Conj/Fire      12%        2x1d4     16%         1
 Passwall                 Tmut/Erth      12%        N/A       5%          2
 Magic Dart               Conj           12%        1d3       16%         1
 Searing Ray              Conj           6%         2d4       24%         2
 Lee's Rapid Deconstruct  Erth           10%        3d9*      45%         5
 Leda's Liquefaction      Hex/Erth       6%         N/A       47%         4
 Flame Wave               Conj/Fire      3%         2d5       83%         4
 Fulminant Prism          Conj/Hex       1%         3d6       83%         4
 Olgreb's Toxic Radiance  Pois           3%         N/A       83%         4
 Fire Storm               Conj/Fire      1%         8d1       100%        9
 Statue Form              Tmut/Erth      Unusable   N/A       N/A         6

Dungeon Overview and Level Annotations

Branches:
Dungeon (5/15)
 Temple: D:4-7

Altars:
Hepliaklqana
Vehumet

Shops:
D:2 *   D:4 :


Innate Abilities, Weirdness & Mutations

You are immune to sickness and miasma.
Your stone body is resilient. (AC +4)
You are immune to poison.
You resist negative energy. (rN+)
You are resistant to electric shocks. (rElec)
You are resistant to unholy torment.
You are immune to petrification.
Your large and strong wings let you fly.
You have a pair of small horns on your head.
You have a somewhat thin skeletal structure. (Dex +2, Stealth+)


Message History

Casting: Stone Arrow (quite dangerous; 16% risk of failure)
Confirm with . or Enter, or press ? or * to list all spells.
The spell is quite dangerous to miscast (16% risk of failure)!
Continue anyway?
Aiming: Stone Arrow (quite dangerous; 16% risk of failure)
Press: ? - help, Shift-Dir - straight line, f/p - orc warrior
Aim: an orc warrior, wielding a +0 flail and wearing a +0 chain mail (lightly wounded, 64% to hit)
The stone arrow hits the orc warrior!
The orc warrior is heavily wounded.
The orc warrior hits you with a +0 flail.
Casting: Stone Arrow (quite dangerous; 16% risk of failure)
Confirm with . or Enter, or press ? or * to list all spells.
Aiming: Sandblast (safe; 1% risk of failure)
Press: ? - help, Shift-Dir - straight line, f/p - orc warrior
Aim: an orc warrior, wielding a +0 flail and wearing a +0 chain mail (heavily wounded, 81% to hit)
The blast of sand hits the orc warrior but does no damage.
The orc warrior is heavily wounded.
The orc warrior hits you with a +0 flail. x2
Casting: Sandblast (safe; 1% risk of failure)
Confirm with . or Enter, or press ? or * to list all spells.
The spell is quite dangerous to miscast (16% risk of failure)!
Continue anyway?
Aiming: Stone Arrow (quite dangerous; 16% risk of failure)
Press: ? - help, Shift-Dir - straight line, f/p - orc warrior
Aim: an orc warrior, wielding a +0 flail and wearing a +0 chain mail (heavily wounded, 64% to hit)
You miscast Stone Arrow.
You are very lightly contaminated with residual magic.
Nothing appears to happen.
The orc warrior barely misses you. The orc barely misses you.
Okay, then.
The air fills with toxic fumes!
As you read the scroll of poison, it crumbles to dust.
The orc warrior barely misses you.
The orc hits you from afar with a +0 trident.
Unknown command.
Unknown command.
Okay, then.
It was a potion of invisibility.
You fade into invisibility!
The orc barely misses you.
The orc warrior hits you with a +0 flail!
You die...

..# #...# #......
..###...###...#
..............#
..............#
............o.#
..###...###...######## ..#
#...# #....oo§..>##
..###...###...##o##...#
...............#@##...#
..............##§##...#
...............#§###..#
..###...###....####.(.# ..
#...# #..#.####...#
..###...###..#.##.....###
.............#.............
..........(..#..#.....###.#
##.#.....#......##....#


You could see an orc warrior (unable to see you) and 2 orcs.

Vanquished Creatures
  A centaur (D:4)
  2 hounds (D:4)
  2 iguanas
  9 adders
  3 worms
  A dart slug (D:3)
  4 orcs
  6 endoplasms
  3 giant cockroaches
  7 goblins
  7 hobgoblins
  8 jackals
  5 quokkas
  11 ball pythons
  2 bats
  3 frilled lizards
  10 kobolds
  5 rats
89 creatures vanquished.

Notes
Turn   | Place    | Note
-------+----------+-------------------------------------------
     0 | D:1      | Arctor the Gargoyle Earth Elementalist began the quest for
                  | the Orb.
     0 | D:1      | Reached XP level 1. HP: 10/10 MP: 3/3
   298 | D:1      | Reached skill level 1 in Transmutations
   298 | D:1      | Reached XP level 2. HP: 15/15 MP: 3/5
  1017 | D:1      | Reached XP level 3. HP: 19/19 MP: 4/6
  1054 | D:1      | Reached skill level 4 in Earth Magic
  1480 | D:2      | Got the Anthology of Putrescence and Flames
  1607 | D:2      | Found Anliveck's Assorted Antiques.
  1650 | D:2      | Reached XP level 4. HP: 24/24 MP: 4/7
  2307 | D:3      | Found a radiant altar of Vehumet.
  2313 | D:3      | Became a worshipper of Vehumet
  2576 | D:3      | Identified a scroll of acquirement
  2577 | D:3      | Acquired 1148 gold pieces
  2612 | D:3      | Gained mutation: You have a pair of small horns on your
                  | head. [potion of mutation]
  2612 | D:3      | Gained mutation: You have hidden genetic potential. [potion
                  | of mutation]
  2679 | D:3      | Found a hazy altar of Hepliaklqana.
  2812 | D:3      | Reached XP level 5. HP: 28/28 MP: 4/9
  2966 | D:3      | Learned a level 3 spell: Stone Arrow
  2971 | D:3      | Learned a level 4 spell: Petrify
  3089 | D:3      | Found a faded altar of an unknown god.
  3404 | D:4      | Gained mutation: You have a somewhat thin skeletal
                  | structure. (Dex +2, Stealth+) [hidden potential]
  3461 | D:4      | Found Tokhiub's Book Shop.
  3469 | D:4      | Bought a book of the Earth for 360 gold pieces
  3497 | D:4      | Reached XP level 6. HP: 32/32 MP: 7/10
  3617 | D:4      | Reached * piety under Vehumet
  3617 | D:4      | Offered knowledge of Foxfire by Vehumet.
  3730 | D:4      | Reached skill level 5 in Earth Magic
  3731 | D:4      | Gained mutation: Your large and strong wings let you fly.
                  | [hidden potential]
  3731 | D:4      | Lost mutation: You have hidden genetic potential. [hidden
                  | potential expressed]
  4233 | D:5      | Entered Level 5 of the Dungeon
  4321 | D:5      | Noticed an orc warrior
  4517 | D:5      | Slain by an orc warrior

Illustrated notes

Levels and vault maps discovered:
D:1:      psy_arrival_whirlpool, layout_loops_corners, chequers_mini_garden,
          serial_bayou_pond_c, dk_noncrumbling_3
D:2:      layout_loops_ring, serial_shops, nicolae_square_shop
D:3:      layout_loops_ring, nzn_hepliaklqana_mist_gate,
          mainiacjoe_overflow_six_doors_small,
          hellmonk_ecumenical_altar_defaced_shrine
D:4:      layout_cave_pools, serial_shops, shop_fountains
D:5:      layout_basic, mainiacjoe_overflow_24_doors,
          cheibrodos_sewer_entry_drain, kennysheep_boxes

Skill      XL: |  1  2  3  4  5  6 |
---------------+-------------------+-----
Transmutations | 1 |  1.8
Earth Magic    | 4 5 |  5.2
Dodging        | 2 |  2.9
Stealth        | 3 4 |  4.2
Spellcasting   | 3 |  3.4

Action                   |  1- 3 |  4- 6 || total
-------------------------+-------+-------++-------
Melee: Unarmed           |    13 |    12 ||    25
       Headbutt          |       |     2 ||     2
 Cast: Sandblast         |    47 |    84 ||   131
       Stone Arrow       |       |     4 ||     4
  Use: Scroll            |     2 |     8 ||    10
       Potion            |       |     2 ||     2
 Stab: Sleeping          |     3 |     3 ||     6
Armor: Robe              |    18 |    21 ||    39
Dodge: Dodged            |    25 |    50 ||    75
